% Time on Ice - RENO LIONS
Lines # - Real PCT - Wanted PCT - Time Play
Normal Forward
1 - 32% - 35% - 15:54
2 - 34% - 35% - 17:14
3 - 17% - 20% - 8:21
4 - 17% - 10% - 8:36
Normal Defense
1 - 34% - 35% - 16:51
2 - 35% - 35% - 17:39
3 - 29% - 20% - 14:20
4 - 2% - 10% - 1:15
PP Forward
1 - 52% - 65% - 3:07
2 - 48% - 35% - 2:50
PP Defense
1 - 40% - 60% - 2:23
2 - 60% - 40% - 3:34
PK Forward
1 - 63% - 55% - 2:31
2 - 37% - 45% - 1:27
PK Defense
1 - 52% - 55% - 2:04
2 - 48% - 45% - 1:54
PK3 Forward
1 - 0% - 55%
2 - 0% - 45%
PK3 Defense
1 - 0% - 55%
2 - 0% - 45%
44 Forward
1 - 0% - 55%
2 - 0% - 45%
44 Defense
1 - 0% - 55%
2 - 0% - 45%
Last Minute Offensive  - 0:00
Last Minute Defensive  - 0:00
Total
Forward - 60:00
Defense - 60:00
% Time on Ice - PORTLAND PIRATES
Lines # - Real PCT - Wanted PCT - Time Play
Normal Forward
1 - 35% - 33% - 17:13
2 - 33% - 33% - 16:33
3 - 22% - 24% - 10:43
4 - 11% - 10% - 5:18
Normal Defense
1 - 35% - 34% - 17:22
2 - 35% - 34% - 17:25
3 - 20% - 22% - 10:03
4 - 10% - 10% - 4:57
PP Forward
1 - 57% - 60% - 2:15
2 - 43% - 40% - 1:43
PP Defense
1 - 61% - 60% - 2:25
2 - 39% - 40% - 1:33
PK Forward
1 - 71% - 60% - 4:15
2 - 29% - 40% - 1:42
PK Defense
1 - 55% - 60% - 3:16
2 - 45% - 40% - 2:41
PK3 Forward
1 - 0% - 55%
2 - 0% - 45%
PK3 Defense
1 - 0% - 55%
2 - 0% - 45%
44 Forward
1 - 0% - 55%
2 - 0% - 45%
44 Defense
1 - 0% - 55%
2 - 0% - 45%
Last Minute Offensive  - 0:00
Last Minute Defensive  - 0:18
Total
Forward - 60:00
Defense - 60:00
Play-by-Play 1st period 0:01 of 1st period - Mika Zibanejad wins face-off versus Pierre-Luc Dubois in neutral zone. 0:10 of 1st period - Shot by Pavel Zacha. 0:10 of 1st period - Shot Misses the Net. 0:18 of 1st period - Shot by Elias Pettersson. 0:18 of 1st period - Stopped by Martin Jones without a rebound. 0:19 of 1st period - Chandler Stephenson wins face-off versus Nick Bjugstad in PORTLAND PIRATES zone. 0:30 of 1st period - Shot by Yanni Gourde. 0:30 of 1st period - Shot Blocked by Justin Schultz. 1:26 of 1st period - Patrick Brown is hit by Marc Staal and loses puck. 1:29 of 1st period - Shot by Ethan Bear. 1:29 of 1st period - Shot Blocked by Marc Staal. 1:47 of 1st period - Shot by Michael McLeod. 1:47 of 1st period - Shot Misses the Net. 1:57 of 1st period - Shot by Nicholas Ritchie. 1:57 of 1st period - Shot Misses the Net. 2:13 of 1st period - Icing by William Carrier. 2:14 of 1st period - Michael McLeod wins face-off versus Alex Steeves in PORTLAND PIRATES zone. 2:36 of 1st period - Shot by Pavel Zacha. 2:36 of 1st period - Deflect By Mika Zibanejad. 2:36 of 1st period - Shot Misses the Net. 2:38 of 1st period - Shot by Travis Konecny. 2:38 of 1st period - Stopped by Stuart Skinner with a rebound. 2:40 of 1st period - Shot by Mika Zibanejad. 2:40 of 1st period - Stopped by Stuart Skinner without a rebound. 2:41 of 1st period - Chandler Stephenson wins face-off versus Pierre-Luc Dubois in RENO LIONS zone. 3:03 of 1st period - Shot by Robert Thomas. 3:03 of 1st period - Shot Misses the Net. 3:23 of 1st period - Shot by Elias Pettersson. 3:23 of 1st period - Stopped by Martin Jones without a rebound. 3:24 of 1st period - Nick Bjugstad wins face-off versus Mika Zibanejad in PORTLAND PIRATES zone. 3:27 of 1st period - Shot by Marcus Foligno. 3:27 of 1st period - Stopped by Martin Jones without a rebound. 3:28 of 1st period - Mika Zibanejad wins face-off versus Marcus Foligno in PORTLAND PIRATES zone. 3:28 of 1st period - Mika Zibanejad is hit by Marcus Foligno. 3:48 of 1st period - Off-side. 3:49 of 1st period - Ryan Donato wins face-off versus Pierre-Luc Dubois in neutral zone. 4:02 of 1st period - Brady Skjei is hit by Ryan Donato and loses puck. 4:09 of 1st period - Shot by Elias Pettersson. 4:09 of 1st period - Shot Blocked by Nathan Bastian. 4:50 of 1st period - Icing by Trent Frederic. 4:51 of 1st period - Mika Zibanejad wins face-off versus Trent Frederic in RENO LIONS zone. 4:54 of 1st period - Shot by Travis Konecny. 4:54 of 1st period - Stopped by Stuart Skinner without a rebound. 4:55 of 1st period - Nick Bjugstad wins face-off versus Mika Zibanejad in RENO LIONS zone. 4:55 of 1st period - Marcus Foligno is hit by Travis Konecny and loses puck. 5:14 of 1st period - Shot by Travis Konecny. 5:14 of 1st period - Stopped by Stuart Skinner with a rebound. 5:16 of 1st period - Shot by Brett Pesce. 5:16 of 1st period - Shot Misses the Net. 5:18 of 1st period - Shot by Brett Pesce. 5:18 of 1st period - Stopped by Stuart Skinner without a rebound. 5:19 of 1st period - Chandler Stephenson wins face-off versus Alex Steeves in RENO LIONS zone. 5:30 of 1st period - Shot by Chandler Stephenson. 5:30 of 1st period - Shot Blocked by Juuso Valimaki. 5:32 of 1st period - Shot by Chandler Stephenson. 5:32 of 1st period - Deflect By Robert Thomas. 5:32 of 1st period - Shot Misses the Net. 5:34 of 1st period - Shot by Chandler Stephenson. 5:34 of 1st period - Shot Blocked by Ethan Bear. 5:38 of 1st period - Shot by Yanni Gourde. 5:38 of 1st period - Goal by Yanni Gourde - RENO LIONS : 0 - PORTLAND PIRATES : 1. 5:39 of 1st period - Nick Bjugstad wins face-off versus Mika Zibanejad in neutral zone. 5:44 of 1st period - Shot by Marcus Foligno. 5:44 of 1st period - Shot Blocked by Mika Zibanejad. 5:50 of 1st period - Shot by Travis Konecny. 5:50 of 1st period - Stopped by Stuart Skinner without a rebound. 5:51 of 1st period - Trent Frederic wins face-off versus Michael McLeod in RENO LIONS zone. 5:58 of 1st period - Shot by Trent Frederic. 5:58 of 1st period - Stopped by Martin Jones without a rebound. 5:59 of 1st period - Pierre-Luc Dubois wins face-off versus Mika Zibanejad in PORTLAND PIRATES zone. 6:06 of 1st period - Shot by Mika Zibanejad. 6:06 of 1st period - Shot Blocked by Dante Fabbro. 6:14 of 1st period - Shot by Mika Zibanejad. 6:14 of 1st period - Shot Misses the Net. 6:16 of 1st period - Shot by Mika Zibanejad. 6:16 of 1st period - Deflect By Pavel Zacha. 6:16 of 1st period - Shot Misses the Net. 6:18 of 1st period - Shot by Travis Konecny. 6:18 of 1st period - Stopped by Stuart Skinner with a rebound. 6:23 of 1st period - Mika Zibanejad is hit by Dante Fabbro and loses puck. 6:26 of 1st period - Shot by Travis Konecny. 6:26 of 1st period - Shot Misses the Net. 6:28 of 1st period - Shot by Travis Konecny. 6:28 of 1st period - Stopped by Stuart Skinner with a rebound. 6:56 of 1st period - Minor Penalty to Pierre-Luc Dubois for Holding. 6:57 of 1st period - Robert Thomas wins face-off versus Elias Pettersson in RENO LIONS zone. 7:06 of 1st period - Shot by Yanni Gourde. 7:06 of 1st period - Stopped by Stuart Skinner without a rebound. 7:07 of 1st period - Mika Zibanejad wins face-off versus Elias Pettersson in RENO LIONS zone. 7:08 of 1st period - Shot by Travis Konecny. 7:08 of 1st period - Stopped by Stuart Skinner with a rebound. 8:02 of 1st period - Off-side. 8:03 of 1st period - Robert Thomas wins face-off versus Elias Pettersson in neutral zone. 8:06 of 1st period - Ethan Bear is hit by Yanni Gourde and loses puck. 8:15 of 1st period - Shot by Robert Thomas. 8:15 of 1st period - Stopped by Stuart Skinner without a rebound. 8:16 of 1st period - Robert Thomas wins face-off versus Elias Pettersson in RENO LIONS zone. 8:34 of 1st period - Off-side. 8:35 of 1st period - Elias Pettersson wins face-off versus Mika Zibanejad in neutral zone. 9:20 of 1st period - Shot by Trent Frederic. 9:20 of 1st period - Shot Misses the Net. 9:22 of 1st period - Shot by Patrick Brown. 9:22 of 1st period - Deflect By Trent Frederic. 9:22 of 1st period - Shot Misses the Net. 9:24 of 1st period - Shot by Patrick Brown. 9:24 of 1st period - Shot Blocked by Marc Staal. 9:39 of 1st period - Icing by Nathan Bastian. 9:40 of 1st period - Nick Bjugstad wins face-off versus Ryan Donato in PORTLAND PIRATES zone. 9:41 of 1st period - Shot by Dylan Strome. 9:41 of 1st period - Shot Misses the Net. 9:58 of 1st period - Icing by Alec Martinez. 9:59 of 1st period - Pierre-Luc Dubois wins face-off versus Ryan Donato in PORTLAND PIRATES zone. 11:51 of 1st period - Icing by Ethan Bear. 11:52 of 1st period - Chandler Stephenson wins face-off versus Trent Frederic in RENO LIONS zone. 12:16 of 1st period - Robert Thomas is hit by Ethan Bear and loses puck. 12:26 of 1st period - Shot by Robert Thomas. 12:26 of 1st period - Stopped by Stuart Skinner without a rebound. 12:27 of 1st period - Pierre-Luc Dubois wins face-off versus Pavel Zacha in RENO LIONS zone. 13:44 of 1st period - Icing by Brian Dumoulin. 13:45 of 1st period - Chandler Stephenson wins face-off versus Nick Bjugstad in PORTLAND PIRATES zone. 14:08 of 1st period - Shot by Nick Bjugstad. 14:08 of 1st period - Shot Misses the Net. 15:21 of 1st period - Travis Konecny is hit by Ethan Bear and loses puck. 15:46 of 1st period - Juuso Valimaki is hit by William Carrier and loses puck. 16:21 of 1st period - Elias Pettersson is hit by Travis Konecny and loses puck. 16:32 of 1st period - Shot by Mika Zibanejad. 16:32 of 1st period - Shot Blocked by Justin Schultz. 16:36 of 1st period - Shot by Travis Konecny. 16:36 of 1st period - Deflect By Mika Zibanejad. 16:36 of 1st period - Shot Blocked by Brady Skjei. 16:38 of 1st period - Shot by Brett Pesce. 16:38 of 1st period - Stopped by Stuart Skinner without a rebound. 16:39 of 1st period - Chandler Stephenson wins face-off versus Nick Bjugstad in RENO LIONS zone. 16:48 of 1st period - Shot by Nick Bjugstad. 16:48 of 1st period - Stopped by Martin Jones without a rebound. 16:49 of 1st period - Chandler Stephenson wins face-off versus Dylan Strome in PORTLAND PIRATES zone. 16:49 of 1st period - Chandler Stephenson is hit by Marcus Foligno. 17:35 of 1st period - Dylan Strome is hit by Yanni Gourde and loses puck. 17:56 of 1st period - Shot by Travis Konecny. 17:56 of 1st period - Shot Misses the Net. 17:58 of 1st period - Shot by Travis Konecny. 17:58 of 1st period - Shot Misses the Net. 18:03 of 1st period - Icing by Brady Skjei. 18:04 of 1st period - Michael McLeod wins face-off versus Trent Frederic in RENO LIONS zone. 18:24 of 1st period - Patrick Brown is hit by Travis Hamonic. 18:26 of 1st period - Shot by Brady Skjei. 18:26 of 1st period - Stopped by Martin Jones without a rebound. 18:27 of 1st period - Pierre-Luc Dubois wins face-off versus Mika Zibanejad in PORTLAND PIRATES zone. 18:28 of 1st period - Shot by Elias Pettersson. 18:28 of 1st period - Shot Misses the Net. 18:42 of 1st period - Shot by Pierre-Luc Dubois. 18:42 of 1st period - Stopped by Martin Jones without a rebound. 18:43 of 1st period - Michael Amadio wins face-off versus Andreas Johnsson in PORTLAND PIRATES zone. 18:43 of 1st period - Michael Amadio is hit by Andreas Johnsson. 18:57 of 1st period - Shot by Michael Amadio. 18:57 of 1st period - Stopped by Stuart Skinner without a rebound. 18:58 of 1st period - Chandler Stephenson wins face-off versus Nick Bjugstad in RENO LIONS zone. 19:05 of 1st period - Shot by Chandler Stephenson. 19:05 of 1st period - Shot Misses the Net. 19:40 of 1st period - Chandler Stephenson is hit by Juuso Valimaki. 19:58 of 1st period - Michael McLeod is hit by Juuso Valimaki and loses puck. Goals for this period are 0 for RENO LIONS vs 1 for PORTLAND PIRATES. Shots for this period are 7 for RENO LIONS vs 15 for PORTLAND PIRATES. 2nd period 0:01 of 2nd period - Pierre-Luc Dubois wins face-off versus Michael McLeod in neutral zone. 0:26 of 2nd period - Shot by Michael McLeod. 0:26 of 2nd period - Shot Blocked by Elias Pettersson. 0:29 of 2nd period - Icing by Brady Skjei. 0:30 of 2nd period - Pierre-Luc Dubois wins face-off versus Mika Zibanejad in RENO LIONS zone. 1:02 of 2nd period - Kirill Kaprizov is hit by Thomas Chabot and loses puck. 1:06 of 2nd period - Icing by Thomas Chabot. 1:07 of 2nd period - Mika Zibanejad wins face-off versus Marcus Foligno in PORTLAND PIRATES zone. 1:11 of 2nd period - Travis Konecny is hit by Marcus Foligno. 1:21 of 2nd period - Shot by Mika Zibanejad. 1:21 of 2nd period - Stopped by Stuart Skinner with a rebound. 1:23 of 2nd period - Shot by Pavel Zacha. 1:23 of 2nd period - Stopped by Stuart Skinner with a rebound. 2:36 of 2nd period - Minor Penalty to Robert Thomas for Hooking. 2:37 of 2nd period - Pierre-Luc Dubois wins face-off versus Nathan Bastian in PORTLAND PIRATES zone. 3:34 of 2nd period - Shot by Nick Bjugstad. 3:34 of 2nd period - Stopped by Martin Jones without a rebound. 3:35 of 2nd period - Nick Bjugstad wins face-off versus Yanni Gourde in PORTLAND PIRATES zone. 3:52 of 2nd period - Shot by Dylan Strome